 Dungeon Sprint DCSS version 0.19.1 (webtiles) character file.

215 dvd the Skirmisher (level 5, 0/49 HPs)
             Began as a Demonspawn Berserker on Dec 22, 2016.
             Was a Believer of Trog.
             Splashed by a jelly's acid (9 damage)
             ... in the Dungeon (Sprint I: "Red Sonja").
             The game lasted 00:01:06 (452 turns).

dvd the Skirmisher (Demonspawn Berserker)            Turns: 452, Time: 00:01:08

Health: 0/49       AC: -9    Str: 17    XL:     5   Next: 60%
Magic:  5/5        EV: 14    Int:  9    God:    Trog [**....]
Gold:   162        SH:  0    Dex: 13    Spells: 0 memorised, 4 levels left

rFire  . . .     SeeInvis .     a - +0 hand axe
rCold  . . .     Gourm    .     b - +0 animal skin
rNeg   . . .     Faith    .     (no shield)
rPois  .         Spirit   .     (no helmet)
rElec  .         Reflect  .     (no cloak)
rCorr  .         Harm     .     (no gloves)
MR     .....     NoTele   +     (no boots)
Stlth  +.........               (no amulet)
                                (no ring)
                                (no ring)

@: corroded
A: claws 1, demonic guardian 2
a: Berserk, Trog's Hand, Burn Spellbooks, Renounce Religion


You were in the Dungeon.
You worshipped Trog.
Trog was pleased with you.
You were hungry.

You visited 1 branch You collected 162 gold pieces.

Inventory:

Hand Weapons
 a - a +0 hand axe (weapon)
Armour
 b - a +0 animal skin (worn)
Scrolls
 i - a scroll of blinking
Potions
 d - a potion of curing
 e - a potion of heal wounds
 f - a potion of haste
 g - 2 potions of magic
 h - a potion of berserk rage
 j - a potion of flight {unknown}
Comestibles
 c - a bread ration


   Skills:
 + Level 7.8 Fighting
 + Level 7.4 Axes
 + Level 3.7 Armour
 + Level 3.9 Dodging


You had 4 spell levels left.
You didn't know any spells.

Dungeon Overview and Level Annotations

Branches:
Dungeon (1/1)

Altars:
Sif Muna
Vehumet


Innate Abilities, Weirdness & Mutations

You have sharp fingernails.
A demonic guardian rushes to your aid.


Message History

The jelly hits you. The acid corrodes you!
You are splashed with acid!
The acid burns!
You hit the jelly but do no damage.
Your claws burn!
The jelly is almost dead.
The jelly barely misses you.
You barely miss the jelly.
The jelly is almost dead.
The jelly hits you.
You are splashed with acid!
The acid burns!
* * * LOW HITPOINT WARNING * * *
You hit the jelly but do no damage. The acid corrodes you!
Your claws burn!
* * * LOW HITPOINT WARNING * * *
The jelly is almost dead.
The jelly barely misses you.
You hit the jelly but do no damage.
Your claws burn!
* * * LOW HITPOINT WARNING * * *
The jelly is almost dead.
The jelly hits you.
* * * LOW HITPOINT WARNING * * *
You are splashed with acid!
The acid burns!
You die...

################
#<.#..').#..'..#
#..)..#..').#..+
#..#####'#####'#
#..# #..# #(#
#..# #### ##(#
#..# #@.+ #⌠⌠#
+..J_# ####
#_.#+# ##+


You could see a jelly.

Vanquished Creatures
  Sigmund (D)
  Ijyb (D)
2 creatures vanquished.

Vanquished Creatures (collateral kills)
  An ogre (D)
1 creature vanquished.

Grand Total: 3 creatures vanquished

Notes
Turn   | Place    | Note
-------+----------+-------------------------------------------
     0 | D        | dvd the Demonspawn Berserker began the quest for the Orb.
     0 | D        | Reached XP level 1. HP: 18/18 MP: 1/1
     1 | D        | Noticed Ijyb
    11 | D        | Killed Ijyb
    11 | D        | Gained mutation: A weak demonic guardian rushes to your aid. [demonic ancestry]
    11 | D        | Reached XP level 2. HP: 16/26 MP: 2/2
   127 | D        | Noticed an ogre
   132 | D        | Killed an ogre
   132 | D        | Reached skill level 5 in Axes
   132 | D        | Gained mutation: You have sharp fingernails. [demonic ancestry]
   132 | D        | Reached XP level 3. HP: 7/34 MP: 3/3
   132 | D        | Reached XP level 4. HP: 8/40 MP: 4/4
   382 | D        | Noticed Sigmund
   396 | D        | Killed Sigmund
   396 | D        | Reached ** piety under Trog
   396 | D        | Gained mutation: A demonic guardian rushes to your aid. [demonic ancestry]
   396 | D        | Reached XP level 5. HP: 49/49 MP: 5/5
   441 | D        | Found a deep blue altar of Sif Muna.
   443 | D        | Found a radiant altar of Vehumet.
   452 | D        | Splashed by a jelly's acid

Skill      XL: |  1  2  3  4 |
---------------+-------------+-----
Fighting       | 4 6 7 |  7.8
Axes           | 4 5 7 |  7.4
Armour         | 2 3 |  3.7
Dodging        | 2 3 |  3.9

Action                   |  1- 3 |  4- 6 || total
-------------------------+-------+-------++-------
Melee: Hand axe          |    13 |    10 ||    23
Invok: Berserk           |     1 |     1 ||     2
Armor: Animal skin       |     1 |     1 ||     2
Dodge: Dodged            |     5 |     5 ||    10
